 Dungeon Crawl Stone Soup version 0.30.1-4-g462c640d31 (webtiles) character file.

Game seed: 15783210504935243768

215 SpecularKarma the Chopper (level 5, -4/39 (45) HPs)
             Began as a Demigod Fighter on Sept 1, 2023.
             Killed by divine providence
             ... invoked by an orc priest
              (10 damage)
             ... on level 4 of the Dungeon.
             The game lasted 00:17:30 (2085 turns).

SpecularKarma the Chopper (Demigod Fighter)         Turns: 2085, Time: 00:17:31

HP:   -4/39 (45)    AC: 12    Str: 21    XL:     5   Next: 34%
MP:   0/7           EV:  5    Int: 10    God:
Gold: 115           SH: 10    Dex: 19    Spells: 4/4 levels left

rFire   . . .        x - +1 flail (venom)
rCold   . . .        o - +0 kite shield
rNeg    . . .        y - +0 plate armour
rPois   .            (no helmet)
rElec   .            (no cloak)
rCorr   .            e - +0 pair of gloves
SInv    .            (no boots)
Will    .....        k - amulet of guardian spirit Stlth
                     h - ring of flight
HPRegen 0.26/turn    m - +6 ring of dexterity
MPRegen 0.10/turn

%: guardian spirit
@: flying, heavily drained
A: high MP 1, forlorn, divine attributes
a: no special abilities


You were on level 4 of the Dungeon.
You visited 1 branch of the dungeon, and saw 4 of its levels.

You collected 115 gold pieces.

Inventory:

Hand Weapons
 a - a +0 war axe
 x - a +1 flail of venom (weapon)
Missiles
 r - 5 boomerangs (quivered)
Armour
 b - a +0 scale mail
 c - a +0 buckler
 e - a +0 pair of gloves (worn)
 o - a +0 kite shield (worn)
 y - a +0 plate armour (worn)
Jewellery
 h - a ring of flight (left hand)
 k - an amulet of guardian spirit (around neck)
 m - a +6 ring of dexterity (right hand)
Scrolls
 f - a scroll of amnesia {unknown}
 g - 2 scrolls of enchant armour {unknown}
 p - 2 scrolls of identify {unknown}
 q - a scroll of poison {unknown}
 t - a scroll of blinking {unknown}
 v - 4 scrolls of noise {unknown}
Potions
 j - a potion of haste {unknown}
 l - 2 potions of attraction {unknown}
 n - 4 potions of curing {unknown}
 s - a potion of degeneration {unknown}
 w - a potion of brilliance {unknown}


   Skills:
 + Level 3.2 Fighting
 + Level 4.0 Axes
 + Level 3.4 Armour
 + Level 0.5 Dodging
 + Level 3.3 Shields


You had 4 spell levels left.
You didn't know any spells.
Your spell library contained the following spells:

 Spells                   Type           Power      Damage    Failure   Level
 Magic Dart               Conj           0%         1d3       100%        1
 Call Imp                 Summ           0%         N/A       100%        2
 Poisonous Vapours        Pois/Air       0%         N/A       100%        2
 Ignite Poison            Fire/Tmut/Pois 0%         N/A       100%        3
 Mephitic Cloud           Conj/Pois/Air  0%         N/A       100%        3
 Haunt                    Necr/Summ      0%         N/A       100%        7
 Necromutation            Tmut/Necr      0%         N/A       100%        8


Dungeon Overview and Level Annotations

Branches:
Dungeon (4/15)
 Temple: D:4-7

Annotations:
D:4 Edmund


Innate Abilities, Weirdness & Mutations

You have an increased reservoir of magic. (+10% MP)
You shall have no god before yourself.
Your divine heritage dramatically boosts your attributes as you level up.


Message History

You sock the hound!
The hound is poisoned.
The hound is severely wounded.
You kill the hound!
Your Axes skill increases to level 4!
You closely miss the quokka.
The quokka bites you but does no damage.
You hit the quokka.
The quokka is poisoned.
The quokka is moderately wounded.
The quokka twitches its whiskers.
You block the quokka's attack.
The quokka bites you but does no damage.
You block Edmund's attack. Edmund attacks as you move away!
Edmund hits you with a +4 dire flail of draining!
You feel drained.
You kill the quokka!
Things that are here:
a +0 flail; a +0 leather armour; an orc corpse An orc comes into view.
It is wielding a +1 flail of protection.
The orc shouts!
You hear a shout!
An orc comes into view. It is wielding a +0 club.
You hit Edmund but do no damage.
An orc priest comes into view. It is wielding a +0 hand axe.
Edmund hits you with a +4 dire flail of draining!
You feel drained.
An orc comes into view. It is wielding a +0 whip.
Found a stone staircase leading down.
The orc shouts!
You hear a shout!
You hear a bark!
A quokka comes into view.
Edmund attacks as you move away!
Edmund hits you with a +4 dire flail of draining!
* * * LOW HITPOINT WARNING * * *
You feel drained.
* * * LOW HITPOINT WARNING * * *
A jelly comes into view.
The jelly quivers.
A hound comes into view.
The orc priest mumbles some strange prayers to Beogh against you.
Beogh smites you!
You die...

...........##......###
...........##........#
#...o...............#
#.r.o...............#
#....oo...###[......#
#...?.......).......# #
...#>....@.............#
.###
.h.......####.##.......#
#.... ....##@.#
#.##.......# ###......
.# #.## ..##.......#
......#.# #J#
..########### .........
#.# ..# !.......# .....#
..>.....# ..###
........# .... ......#..
.... ........#


You could see Edmund, a hound, a jelly, an orc priest, 3 orcs and a quokka.

Vanquished Creatures
  A scorpion (D:4)
  A hound (D:4)
  3 gnolls (D:3)
  5 adders
  A worm (D:1)
  2 dart slugs
  2 orcs
  A bat (D:2)
  4 endoplasms
  3 giant cockroaches
  4 goblins
  A hobgoblin (D:2)
  4 jackals (D:2)
  3 quokkas
  5 ball pythons
  4 frilled lizards
  4 kobolds
  4 rats
52 creatures vanquished.

Notes
Turn   | Place    | Note
-------+----------+-------------------------------------------
     0 | D:1      | SpecularKarma the Demigod Fighter began the quest for the
                  | Orb.
     0 | D:1      | Reached XP level 1. HP: 18/18 MP: 3/3
   178 | D:1      | Reached XP level 2. HP: 25/25 MP: 2/4
   791 | D:2      | Reached skill level 2 in Axes
   884 | D:2      | Got the Exposition on the Crypt and the Coward
   989 | D:2      | Reached XP level 3. HP: 31/31 MP: 5/5
  1482 | D:2      | Reached XP level 4. HP: 31/38 MP: 4/6
  1825 | D:3      | Reached skill level 3 in Axes
  1964 | D:4      | Reached XP level 5. HP: 41/45 MP: 7/7
  1983 | D:4      | Noticed an ogre
  2014 | D:4      | HP: 1/45 [ogre/+0 giant club (27)]
  2069 | D:4      | Noticed Edmund
  2074 | D:4      | Reached skill level 4 in Axes
  2085 | D:4      | Killed from afar by an orc priest

Illustrated notes

Levels and vault maps discovered:
D:1:      denvon_arrival_planthouse, layout_rooms, nicolae_wormholes
D:2:      layout_loops_ring
D:3:      layout_loops_ring, makhleb_altar_promises_db,
          cheibrodos_sewer_entry_bend, uniq_terence, uniq_grinder, uniq_ijyb
D:4:      layout_rooms, uniq_edmund

Skill      XL: |  1  2  3  4  5 |
---------------+----------------+-----
Armour         | 3 |  3.4
Fighting       | 3 |  3.2
Axes           | 2 3 4 |  4.0
Shields        | 3 |  3.3
Dodging        | |  0.5

Action                     |  1- 3 |  4- 6 || total
---------------------------+-------+-------++-------
  Melee: War axe           |   114 |    30 ||   144
         Flail             |       |    15 ||    15
    Use: Scroll            |     1 |     1 ||     2
         Potion            |       |     2 ||     2
 Armour: Scale mail        |    46 |    15 ||    61
         Plate armour      |       |     8 ||     8
  Dodge: Dodged            |    48 |    14 ||    62
  Block: Buckler           |     5 |       ||     5
         Kite shield       |    40 |    29 ||    69
